APP
BILLINGS MUSTANGS @ WASHINGTON (APP) NATIONALS
10/06/2045
 
TOP OF THE 1ST
Helena Brewers batting - Pitching for Danville Braves : RHP Felix Sanchez
Pitching: RHP Felix Sanchez
Batting: RHB Kevin Wyche 0-0: Called Strike
0-1: Ball
1-1: Foul Ball, location: 2F
1-2: Ground out 6-3 (Groundball, 6S, EV 71.3 MPH)
Batting: SHB Martin Madsen 0-0: Ground out 6-3 (Groundball, 6M, EV 107.5 MPH)
Batting: LHB Tatsuyoshi Kaji 0-0: Ball
1-0: Foul Ball, location: 2F
1-1: Swinging Strike
1-2: Foul Ball, location: 2F
1-2: Strikes out swinging
Top of the 1st over - 0 runs, 0 hits, 0 errors, 0 left on base; Helena 0 - Danville 0
BOTTOM OF THE 1ST
Danville Braves batting - Pitching for Helena Brewers : RHP Shinsuke Minami
Pitching: RHP Shinsuke Minami
Batting: RHB Jerry Delgado 0-0: Ball
1-0: Ball
2-0: SINGLE (Groundball, 6M, EV 103.1 MPH) (infield hit)
Batting: LHB Diego Muniz 0-0: Ball
Passed Ball!
Jerry Delgado to second
1-0: SINGLE (Groundball, 34D, EV 96.9 MPH)
Jerry Delgado to third
Batting: LHB Chiaki Tanouye 0-0: Called Strike
Diego Muniz steals 2nd base
0-1: Foul Ball, location: 2F
0-2: Ball
1-2: Ground out 4-3 (Groundball, 34, EV 83.8 MPH)
Jerry Delgado scores
Diego Muniz to third
Batting: SHB Jacob Simmons 0-0: Fly out, F9 (Flyball, 9S, EV 83.1 MPH)
Batting: RHB Antonio Arguello 0-0: SINGLE (Groundball, 56D, EV 100.6 MPH)
Diego Muniz scores
Batting: RHB Vinny Vasquez 0-0: Ball
1-0: Ball
Passed Ball!
Antonio Arguello to second
2-0: Foul Ball, location: 2F
2-1: Ball
Wild Pitch!
Antonio Arguello to third
3-1: Foul Ball, location: 2F
3-2: Strikes out swinging
Bottom of the 1st over - 2 runs, 3 hits, 0 errors, 1 left on base; Helena 0 - Danville 2
TOP OF THE 2ND
Helena Brewers batting - Pitching for Danville Braves : RHP Felix Sanchez
Batting: RHB Ricky Wiernik 0-0: Called Strike
0-1: Foul Ball, location: 2F
0-2: Ball
1-2: Ball
2-2: Foul Ball, location: 2F
2-2: Ball
3-2: Strikes out swinging
Batting: LHB Tony Howard 0-0: Called Strike
0-1: Ball
1-1: Called Strike
1-2: Strikes out swinging
Batting: RHB Jorge Nunez 0-0: Ball
1-0: Ball
2-0: Swinging Strike
2-1: Foul Ball, location: 2F
2-2: Ball
3-2: Foul Ball, location: 2F
3-2: Strikes out swinging
Top of the 2nd over - 0 runs, 0 hits, 0 errors, 0 left on base; Helena 0 - Danville 2
BOTTOM OF THE 2ND
Danville Braves batting - Pitching for Helena Brewers : RHP Shinsuke Minami
Batting: RHB Omar Molina 0-0: Ball
1-0: Called Strike
1-1: Foul Ball, location: 2F
1-2: Foul Ball, location: 2F
1-2: Fly out, F8 (Flyball, 8LXD, EV 105.6 MPH)
Batting: RHB Felix Sanchez 0-0: Ground out U3 (Groundball, 3S, EV 81.3 MPH)
Batting: RHB Alain Dufour 0-0: SINGLE (Groundball, 6MD, EV 95.6 MPH)
Batting: RHB Jerry Delgado 0-0: Swinging Strike
0-1: Foul Ball, location: 2F
0-2: Hit by Pitch
Alain Dufour to second
Batting: LHB Diego Muniz 0-0: Ground out 4-3 (Groundball, 4, EV 90.6 MPH)
Bottom of the 2nd over - 0 runs, 1 hit, 0 errors, 2 left on base; Helena 0 - Danville 2
TOP OF THE 3RD
Helena Brewers batting - Pitching for Danville Braves : RHP Felix Sanchez
Batting: RHB John O'Hearn 0-0: Called Strike
0-1: Swinging Strike
0-2: Strikes out swinging
Batting: LHB Marshall Licata 0-0: Called Strike
0-1: Ground out 1-3 (Groundball, 34S, EV 92.5 MPH)
Batting: RHB Shinsuke Minami 0-0: Ball
1-0: Ground out 6-3 (Groundball, 6D, EV 94.4 MPH)
Top of the 3rd over - 0 runs, 0 hits, 0 errors, 0 left on base; Helena 0 - Danville 2
BOTTOM OF THE 3RD
Danville Braves batting - Pitching for Helena Brewers : RHP Shinsuke Minami
Batting: LHB Chiaki Tanouye 0-0: Foul Ball, location: 2F
0-1: Called Strike
0-2: Ball
1-2: Ball
2-2: Ball
3-2: DOUBLE (Groundball, 3L, EV 105.6 MPH)
Batting: SHB Jacob Simmons 0-0: Ground out U3 (Groundball, 3, EV 90.0 MPH)
Chiaki Tanouye to third
Batting: RHB Antonio Arguello 0-0: Ball
1-0: Ball
Passed Ball!
Chiaki Tanouye scores
2-0: Called Strike
2-1: Called Strike
2-2: Ball
3-2: Base on Balls
Batting: RHB Vinny Vasquez 0-0: Fly out, F9 (Line Drive, 9, EV 100.6 MPH)
Batting: RHB Omar Molina 0-0: Ball
1-0: Ball
Wild Pitch!
Antonio Arguello to second
2-0: Foul Ball, location: 2F
2-1: Foul Ball, location: 2F
2-2: Ball
3-2: Fly out, F3 (Line Drive, 3, EV 65.0 MPH)
Bottom of the 3rd over - 1 run, 1 hit, 0 errors, 1 left on base; Helena 0 - Danville 3
TOP OF THE 4TH
Helena Brewers batting - Pitching for Danville Braves : RHP Felix Sanchez
Batting: RHB Kevin Wyche 0-0: Ball
1-0: SINGLE (Groundball, 4M, EV 101.9 MPH)
Batting: SHB Martin Madsen 0-0: Ball
1-0: Ball
2-0: Foul Ball, location: 2F
2-1: Swinging Strike
2-2: Strikes out swinging
Batting: LHB Tatsuyoshi Kaji 0-0: Called Strike
0-1: Ball
1-1: Ball
2-1: Grounds into double play, 6-4-3 (Groundball, 6, EV 78.1 MPH)
Top of the 4th over - 0 runs, 1 hit, 0 errors, 0 left on base; Helena 0 - Danville 3
BOTTOM OF THE 4TH
Danville Braves batting - Pitching for Helena Brewers : RHP Shinsuke Minami
Batting: RHB Felix Sanchez 0-0: Ground out 4-3 (Groundball, 4, EV 89.4 MPH)
Batting: RHB Alain Dufour 0-0: Ball
1-0: Ball
2-0: Called Strike
2-1: Foul Ball, location: 2F
2-2: Reached on error, E3 (Groundball, 34, EV 85.6 MPH)
Batting: RHB Jerry Delgado 0-0: Called Strike
0-1: Ball
Passed Ball!
Alain Dufour to second
1-1: Ball
Passed Ball!
Alain Dufour to third
2-1: SINGLE (Line Drive, 78S, EV 86.3 MPH)
Alain Dufour scores
Batting: LHB Diego Muniz 0-0: Called Strike
0-1: Swinging Strike
0-2: Strikes out swinging
Batting: LHB Chiaki Tanouye 0-0: Ball
1-0: Ball
Jerry Delgado steals 2nd base
2-0: SINGLE (Groundball, 6D, EV 107.5 MPH)
Jerry Delgado to third
Runner from 3rd tries for Home, SAFE, throw by CF to home
Pitching: RHP Yeong-sam Pio
Batting: SHB Jacob Simmons 0-0: Ball
Wild Pitch!
Chiaki Tanouye to second
1-0: Foul Ball, location: 2F
1-1: Foul Ball, location: 2F
1-2: Strikes out swinging
Bottom of the 4th over - 2 runs, 2 hits, 1 error, 1 left on base; Helena 0 - Danville 5
TOP OF THE 5TH
Helena Brewers batting - Pitching for Danville Braves : RHP Felix Sanchez
Batting: RHB Ricky Wiernik 0-0: Fly out, F8 (Flyball, 8RS, EV 81.3 MPH)
Batting: LHB Tony Howard 0-0: Swinging Strike
0-1: Ball
1-1: Called Strike
1-2: Strikes out swinging
Batting: RHB Jorge Nunez 0-0: Ball
1-0: Foul Ball, location: 2F
1-1: Called Strike
1-2: Strikes out swinging
Top of the 5th over - 0 runs, 0 hits, 0 errors, 0 left on base; Helena 0 - Danville 5
BOTTOM OF THE 5TH
Danville Braves batting - Pitching for Helena Brewers : RHP Yeong-sam Pio
Batting: RHB Antonio Arguello 0-0: Ball
1-0: Called Strike
1-1: Ball
2-1: Ball
3-1: Base on Balls
Batting: RHB Vinny Vasquez 0-0: Called Strike
0-1: Called Strike
0-2: Foul Ball, location: 2F
0-2: Foul Ball, location: 2F
0-2: Ball
1-2: Fielders Choice at 2nd, 5-4 (Groundball, 56S, EV 82.5 MPH)
Batting: RHB Omar Molina 0-0: Ball
Vinny Vasquez is caught stealing 2nd base 2-4
1-0: Foul Ball, location: 2F
1-1: Ground out 5-3 (Groundball, 5, EV 83.8 MPH)
Bottom of the 5th over - 0 runs, 0 hits, 0 errors, 0 left on base; Helena 0 - Danville 5
TOP OF THE 6TH
Helena Brewers batting - Pitching for Danville Braves : RHP Felix Sanchez
Batting: RHB John O'Hearn 0-0: Ball
1-0: Called Strike
1-1: Foul Ball, location: 2F
1-2: Strikes out swinging
Batting: LHB Marshall Licata 0-0: Ball
1-0: Called Strike
1-1: Called Strike
1-2: Strikes out swinging
Pinch Hitting: LHB Steve DuBay 0-0: Ball
1-0: Ball
2-0: Ball
3-0: Base on Balls
Batting: RHB Kevin Wyche 0-0: Called Strike
0-1: Called Strike
0-2: Ball
1-2: Ball
2-2: Ball
3-2: Strikes out swinging
Top of the 6th over - 0 runs, 0 hits, 0 errors, 1 left on base; Helena 0 - Danville 5
BOTTOM OF THE 6TH
Danville Braves batting - Pitching for Helena Brewers : RHP Yeong-sam Pio
Pitching: LHP Miguel Gonzalez
Batting: RHB Felix Sanchez 0-0: Ball
1-0: Ball
2-0: Foul Ball, location: 2F
2-1: SINGLE (Line Drive, 89M, EV 95.0 MPH)
Batting: RHB Alain Dufour 0-0: Called Strike
0-1: Fly out, F9 (Flyball, 9D, EV 100.6 MPH)
Batting: RHB Jerry Delgado 0-0: Ball
1-0: Foul Ball, location: 2F
1-1: Ball
2-1: Fielders Choice at 2nd, 4-6 (Groundball, 4, EV 86.9 MPH)
Batting: LHB Diego Muniz 0-0: Called Strike
Jerry Delgado steals 2nd base
0-1: Called Strike
0-2: Strikes out swinging
Bottom of the 6th over - 0 runs, 1 hit, 0 errors, 1 left on base; Helena 0 - Danville 5
TOP OF THE 7TH
Helena Brewers batting - Pitching for Danville Braves : RHP Felix Sanchez
Batting: SHB Martin Madsen 0-0: Ball
1-0: Called Strike
1-1: Foul Ball, location: 2F
1-2: Ball
2-2: Strikes out swinging
Batting: LHB Tatsuyoshi Kaji 0-0: Ball
1-0: Ball
2-0: Called Strike
2-1: Ground out 6-3 (Groundball, 6, EV 108.8 MPH)
Batting: RHB Ricky Wiernik 0-0: Called Strike
0-1: Ball
1-1: Ball
2-1: Ball
3-1: Base on Balls
Batting: LHB Tony Howard 0-0: Called Strike
0-1: Fly out, F9 (Flyball, 9S, EV 93.1 MPH)
Top of the 7th over - 0 runs, 0 hits, 0 errors, 1 left on base; Helena 0 - Danville 5
BOTTOM OF THE 7TH
Danville Braves batting - Pitching for Helena Brewers : LHP Miguel Gonzalez
Batting: LHB Chiaki Tanouye 0-0: Ball
1-0: Foul Ball, location: 2F
1-1: Ball
2-1: DOUBLE (Groundball, 3L, EV 105.0 MPH)
Batting: SHB Jacob Simmons 0-0: Ball
1-0: Foul Ball, location: 2F
1-1: Foul Ball, location: 2F
1-2: Fly out, F7 (Flyball, 7D, EV 80.0 MPH)
Batting: RHB Antonio Arguello 0-0: Ball
Wild Pitch!
Chiaki Tanouye to third
1-0: Called Strike
1-1: Ball
2-1: SINGLE (Groundball, 56D, EV 98.1 MPH)
Chiaki Tanouye scores
Batting: RHB Vinny Vasquez 0-0: Ball
Passed Ball!
Antonio Arguello to second
1-0: Ball
Passed Ball!
Antonio Arguello to third
2-0: Ground out 5-3 (Groundball, 56S, EV 83.1 MPH)
Antonio Arguello scores
Batting: RHB Omar Molina 0-0: Ball
1-0: Ball
2-0: Called Strike
2-1: Ball
3-1: Foul Ball, location: 2F
3-2: Foul Ball, location: 2F
3-2: Base on Balls
Batting: RHB Felix Sanchez 0-0: Ball
1-0: SINGLE (Groundball, 34D, EV 96.3 MPH)
Omar Molina to second
Batting: RHB Alain Dufour 0-0: Swinging Strike
0-1: Called Strike
0-2: Ball
1-2: Strikes out swinging
Bottom of the 7th over - 2 runs, 3 hits, 0 errors, 2 left on base; Helena 0 - Danville 7
TOP OF THE 8TH
Helena Brewers batting - Pitching for Danville Braves : RHP Felix Sanchez
Batting: RHB Jorge Nunez 0-0: Called Strike
0-1: Ball
1-1: Foul Ball, location: 2F
1-2: Foul Ball, location: 2F
1-2: Strikes out swinging
Batting: RHB John O'Hearn 0-0: Called Strike
0-1: Ball
1-1: Ball
2-1: Ball
3-1: Base on Balls
Batting: LHB Marshall Licata 0-0: Fly out, F9 (Flyball, 9LS, EV 85.0 MPH)
Batting: LHB Miguel Gonzalez 0-0: Called Strike
0-1: Called Strike
0-2: Foul Ball, location: 2F
0-2: Ball
1-2: Ball
2-2: Ball
3-2: Base on Balls
John O'Hearn to second
Batting: RHB Kevin Wyche 0-0: Ground out 5-3 (Groundball, 56S, EV 67.5 MPH)
Top of the 8th over - 0 runs, 0 hits, 0 errors, 2 left on base; Helena 0 - Danville 7
BOTTOM OF THE 8TH
Danville Braves batting - Pitching for Helena Brewers : LHP Miguel Gonzalez
Batting: RHB Jerry Delgado 0-0: Ball
1-0: Ball
2-0: Foul Ball, location: 2F
2-1: Swinging Strike
2-2: Ball
3-2: Base on Balls
Pitching: RHP Brent Hooper
Batting: LHB Diego Muniz 0-0: Called Strike
0-1: Fielders Choice at 2nd, 4-6 (Groundball, 4, EV 88.1 MPH)
Batting: LHB Chiaki Tanouye 0-0: Ball
1-0: Foul Ball, location: 2F
1-1: Foul Ball, location: 2F
1-2: Ball
2-2: Ball
3-2: Base on Balls
Diego Muniz to second
Pinch Hitting: SHB Elijah Jackson 0-0: Called Strike
0-1: Ball
1-1: Called Strike
1-2: Ball
Wild Pitch!
Diego Muniz to third
Chiaki Tanouye to second
2-2: Foul Ball, location: 2F
2-2: Foul Ball, location: 2F
2-2: Ball
Passed Ball!
Diego Muniz scores
Chiaki Tanouye to third
3-2: Base on Balls
Batting: RHB Antonio Arguello 0-0: Called Strike
0-1: Ball
1-1: Foul Ball, location: 2F
1-2: Ball
2-2: Reached on error, E2 (Groundball, 2R, EV 68.1 MPH)
Chiaki Tanouye scores
Elijah Jackson to second
Batting: RHB Vinny Vasquez 0-0: Ball
1-0: Fielders Choice at 2nd, 1-6 (Groundball, 13, EV 89.4 MPH)
Elijah Jackson to third
Batting: RHB Omar Molina 0-0: Ball
Passed Ball!
Elijah Jackson scores
Vinny Vasquez to second
1-0: Ball
Passed Ball!
Vinny Vasquez to third
2-0: Ball
3-0: Foul Ball, location: 2F
3-1: Base on Balls
Batting: RHB Felix Sanchez 0-0: Ball
1-0: Called Strike
1-1: Swinging Strike
1-2: Strikes out swinging
Bottom of the 8th over - 3 runs, 0 hits, 1 error, 2 left on base; Helena 0 - Danville 10
TOP OF THE 9TH
Helena Brewers batting - Pitching for Danville Braves : RHP Felix Sanchez
Now at 2B: Elijah Jackson
Batting: SHB Martin Madsen 0-0: Ball
1-0: Ball
2-0: Called Strike
2-1: Ball
3-1: TRIPLE (Line Drive, 8LXD, EV 113.8 MPH)
Batting: LHB Tatsuyoshi Kaji 0-0: Fly out, F3 (Flyball, 3DF, EV 84.4 MPH)
Batting: RHB Ricky Wiernik 0-0: Called Strike
0-1: Ball
1-1: Called Strike
1-2: Ball
2-2: Strikes out swinging
Pitching: LHP Jorge Segarra
Batting: LHB Tony Howard 0-0: Called Strike
0-1: Ball
Steal of home, Martin Madsen is safe
1-1: Called Strike
1-2: Ground out 6-3 (Groundball, 6, EV 95.6 MPH)
Top of the 9th over - 1 run, 1 hit, 0 errors, 0 left on base; Helena 1 - Danville 10
Wednesday, June 22nd , 2022 - OOTP Baseball 23.4 Build 64